 Dungeon Crawl Stone Soup version 0.28-a0-1616-g050a50673c (webtiles) character file.

Game seed: 10425349092412568912

1491 Peloso the Carver (level 8, -3/70 HPs)
             Began as a Minotaur Fighter on Jan 22, 2022.
             Was a Believer of Okawaru.
             Slain by Harold (18 damage)
             ... on level 7 of the Dungeon.
             The game lasted 00:10:56 (6385 turns).

Peloso the Carver (Minotaur Fighter)                Turns: 6385, Time: 00:10:57

Health: -3/70      AC: 21    Str: 21    XL:     8   Next: 51%
Magic:  5/7        EV:  8    Int:  5    God:    Okawaru [**....]
Gold:   323        SH:  6    Dex: 12    Spells: 7/7 levels left

rFire   . . .      SeeInvis .   a - +0 long sword
rCold   . . .      Faith    .   c - +0 buckler
rNeg    + . .      Spirit   .   t - +0 plate armour
rPois   .          Reflect  .   (helmet restricted)
rElec   .          Harm     .   (no cloak)
rCorr   .          Rampage  .   C - +0 pair of gloves
Will    .....                   (no boots)
Stlth   ..........              (no amulet)
HPRegen 0.21/turn               i - +4 ring of protection
MPRegen 0.10/turn               k - ring of positive energy

@: heroic, marked
A: horns 2, retaliatory headbutt
a: Renounce Religion, Heroism


You were on level 7 of the Dungeon.
You worshipped Okawaru.
Okawaru was pleased with you.
You visited 2 branches of the dungeon, and saw 8 of its levels.

You collected 323 gold pieces.

Inventory:

Hand Weapons
 a - a +0 long sword (weapon)
Armour
 b - a +0 scale mail
 c - a +0 buckler (worn)
 t - a +0 plate armour (worn)
 C - a +0 pair of gloves (worn)
Jewellery
 h - an amulet of faith
 i - a +4 ring of protection (left hand)
 k - a ring of positive energy (right hand)
 r - a +4 ring of evasion
 E - a ring of protection from cold
Wands
 v - a wand of flame (25)
Scrolls
 e - 3 scrolls of enchant weapon
 f - 2 scrolls of enchant armour
 g - a scroll of amnesia
 j - a scroll of holy word
 l - a scroll of fog
 m - a scroll of teleportation
 p - a scroll of blinking
 y - a scroll of identify
 A - a scroll of vulnerability {unknown}
 B - a scroll of fear {unknown}
 F - a scroll of noise {unknown}
 G - a scroll of acquirement {unknown}
Potions
 d - a potion of might
 n - a potion of attraction {unknown}
 o - 3 potions of heal wounds {unknown}
 q - 3 potions of flight {unknown}
 s - a potion of lignification {unknown}
 u - 2 potions of brilliance {unknown}
 w - a potion of curing
 x - 3 potions of invisibility {unknown}
 z - 4 potions of mutation {unknown}
 D - a potion of resistance {unknown}


   Skills:
 + Level 6.1(11.1) Fighting
 + Level 8.7(13.7) Long Blades
 + Level 7.4(12.4) Armour
 + Level 1.2(6.2) Dodging
 + Level 0.4(5.4) Stealth
 + Level 5.9(10.9) Shields


You had 7 spell levels left.
You didn't know any spells.
Your spell library contained the following spells:

 Spells                   Type           Power      Damage    Failure   Level
 Pain                     Necr           0%         1d4       100%        1
 Ensorcelled Hibernation  Hex/Ice        0%         N/A       100%        2
 Passwall                 Tmut/Erth      0%         N/A       100%        2
 Scorch                   Fire           0%         2d5       100%        2
 Ignite Poison            Fire/Tmut/Pois 0%         N/A       100%        3
 Mephitic Cloud           Conj/Pois/Air  0%         N/A       100%        3
 Ozocubu's Armour         Ice            0%         N/A       100%        3
 Spider Form              Tmut/Pois      0%         N/A       100%        3
 Swiftness                Air            0%         N/A       100%        3
 Anguish                  Hex/Necr       0%         N/A       100%        4
 Flame Wave               Conj/Fire      0%         2d4       100%        4
 Agony                    Necr           0%         N/A       100%        5
 Excruciating Wounds      Necr           0%         N/A       100%        5
 Freezing Cloud           Conj/Ice/Air   0%         6-21      100%        5
 Metabolic Englaciation   Hex/Ice        0%         N/A       100%        5
 Simulacrum               Ice/Necr       Unusable   N/A       N/A         6
 Summon Cactus Giant      Summ           Unusable   N/A       N/A         6

Dungeon Overview and Level Annotations

Branches:
Dungeon (7/15)             Temple (1/1) D:5

Altars:
Ashenzari
Cheibriados
Dithmenos
Elyvilon
Fedhas
Gozag
Hepliaklqana
Kikubaaqudgha
Makhleb
Nemelex Xobeh
Okawaru
Qazlal
Ru
Sif Muna
Uskayaw
Vehumet
Wu Jian
Xom
Yredelemnul
Zin

Shops:
D:4 [

Annotations:
D:7 Duvessa, Harold


Innate Abilities, Weirdness & Mutations

You have a pair of horns on your head.
You reflexively headbutt those who attack you in melee.


Message History

Harold throws a throwing net.
The throwing net hits you.
You become entangled in the net!
You see here a throwing net.
You tear a large gash into the net.
You shred the net and break free! Harold closely misses you.
Harold hits you with a +0 vorpal halberd.
You gain the combat prowess of a mighty hero.
Harold hits you with a +0 vorpal halberd!
You slice Harold!!
Harold is moderately wounded.
Harold casts a spell at you. A sentinel's mark forms upon you.
You hit Harold. Your headbutt misses Harold.
Harold is moderately wounded.
Harold hits you with a +0 vorpal halberd!!
* * * LOW HITPOINT WARNING * * *
You hit Harold. You headbutt Harold, but do no damage.
Harold is moderately wounded.
You slash Harold! You headbutt Harold.
Harold is heavily wounded.
Harold hits you but does no damage.
You slash Harold!
Harold is severely wounded.
Harold hits you with a +0 vorpal halberd.
* * * LOW HITPOINT WARNING * * *
x2 You feel better.
Harold hits you but does no damage.
You barely miss Harold.
Harold is severely wounded.
Harold hits you with a +0 vorpal halberd!
* * * LOW HITPOINT WARNING * * *
x2 You hit Harold but do no damage.
Harold is severely wounded.
You slash Harold! You headbutt Harold.
Harold is severely wounded.
Harold hits you but does no damage.
You closely miss Harold. You headbutt Harold!
Harold is almost dead.
Harold hits you with a +0 vorpal halberd!!
You die...

##..#............≈≈≈≈
##.#......y#...≈≈≈≈≈
##......y###..≈≈≈≈≈
##......####..≈≈≈≈
#...y...# ##≈≈≈≈≈
#.......# #≈≈≈≈≈
#......#####.≈≈≈≈
###.........##..≈≈≈
#.@...##...##.y.#≈≈
###@..####.y@y#..#≈
#...######y......
#.....##.........
#..#.............
##.##........####
#####..#.....
#####....# #..###


You could see Harold and 3 killer bees.

Vanquished Creatures
  A steam dragon (D:7)
  2 ice beasts
  2 ogres (D:6)
  A centaur (D:5)
  A phantom (D:5)
  A scorpion (D:4)
  3 electric eels (D:7)
  A howler monkey (D:5)
  2 centaur zombies
  4 hounds
  A jelly (D:3)
  A bullfrog skeleton (D:6)
  A centaur skeleton (D:7)
  2 iguanas
  A killer bee zombie (D:7)
  A hound zombie (D:5)
  2 hound skeletons (D:3)
  2 howler monkey zombies (D:3)
  3 gnolls (D:4)
  A howler monkey skeleton (D:4)
  5 adders
  2 ufetubi
  2 adder skeletons
  15 dart slugs
  14 orcs
  5 endoplasms
  5 giant cockroaches
  9 goblins
  6 hobgoblins
  6 jackals
  4 quokkas
  7 ball pythons
  3 bats
  5 frilled lizards
  5 kobolds
  A quokka zombie (D:3)
  6 rats
133 creatures vanquished.

Vanquished Creatures (others)
  A dart slug (D:7)
  4 plants (D:4)
  2 withered plants (D:3)
7 creatures vanquished.

Grand Total: 140 creatures vanquished

Notes
Turn   | Place    | Note
-------+----------+-------------------------------------------
     0 | D:1      | Peloso the Minotaur Fighter began the quest for the Orb.
     0 | D:1      | Reached XP level 1. HP: 19/19 MP: 0/0
   234 | D:1      | Reached XP level 2. HP: 27/27 MP: 1/1
   559 | D:1      | Reached skill level 3 in Long Blades
  1086 | D:2      | Reached XP level 3. HP: 33/33 MP: 2/2
  1848 | D:2      | Reached XP level 4. HP: 40/40 MP: 3/3
  2164 | D:3      | Reached skill level 4 in Long Blades
  2166 | D:3      | Reached XP level 5. HP: 40/46 MP: 4/4
  2720 | D:4      | Found Kyumpuam's Antique Armour Shoppe.
  2866 | D:4      | Reached skill level 5 in Armour
  3024 | D:3      | Reached skill level 5 in Long Blades
  3024 | D:3      | Reached XP level 6. HP: 26/53 MP: 5/5
  3265 | D:4      | Found a glowing silver altar of Zin.
  3265 | D:4      | Found a hide-covered altar of Uskayaw.
  3279 | D:4      | Found a blossoming altar of Fedhas.
  3280 | D:4      | Found an ornate altar of the Wu Jian Council.
  3287 | D:4      | Found a basalt altar of Yredelemnul.
  3289 | D:4      | Found a burning altar of Makhleb.
  3289 | D:4      | Found an ancient bone altar of Kikubaaqudgha.
  3290 | D:4      | Found a stormy altar of Qazlal.
  3555 | D:5      | Entered Level 5 of the Dungeon
  3582 | D:5      | Found a staircase to the Ecumenical Temple.
  3595 | Temple   | Entered the Ecumenical Temple
  3657 | Temple   | Became a worshipper of Warmaster Okawaru
  3745 | D:5      | Reached skill level 5 in Shields
  3911 | D:5      | Reached skill level 6 in Long Blades
  3911 | D:5      | Reached XP level 7. HP: 53/60 MP: 6/6
  3977 | D:5      | Reached skill level 1 in Dodging
  4140 | D:5      | Reached skill level 5 in Fighting
  4439 | D:6      | Reached * piety under Okawaru
  4489 | D:6      | Reached skill level 7 in Long Blades
  4542 | D:6      | Reached XP level 8. HP: 40/70 MP: 7/7
  5341 | D:7      | Reached ** piety under Okawaru
  5342 | D:7      | Reached skill level 8 in Long Blades
  5708 | D:7      | Noticed Duvessa
  5978 | D:7      | Noticed Harold
  6385 | D:7      | Slain by Harold

Illustrated notes

Levels and vault maps discovered:
D:1:      minmay_arrival_solitary_statue, layout_loops_cross, minivault_23
D:2:      layout_loops_corners, eino_tiny_chamber
D:3:      layout_basic, serial_undead, serial_undead_c, serial_undead_e,
          serial_undead_a, serial_undead_e
D:4:      layout_cave_pools, grunt_temple_overflow_open, serial_shops, shop,
          serial_bayou, serial_bayou_shore_a, serial_bayou_pond_c,
          serial_bayou_pond_c, serial_bayou_shore_b, serial_bayou_pond_c,
          serial_bayou_lagoon_b
D:5:      layout_rooms, minmay_temple_entry_stoned_glass
D:6:      layout_cave_pools, chequers_garden
D:7:      kennysheep_slugbush, layout_cave_pools,
          nicolae_tso_swordbearing_angel, uniq_harold, uniq_duvessa
Temple:   minmay_temple_bridge_abc

Skill      XL: |  1  2  3  4  5  6  7  8 |
---------------+-------------------------+-----
Long Blades    | 3 4 5 6 7 8 |  8.7
Shields        | 4 5 |  5.9
Armour         | 4 5 6 7 |  7.4
Fighting       | 4 5 6 |  6.1
Dodging        | 1 |  1.2
Stealth        | |  0.4

Action                   |  1- 3 |  4- 6 |  7- 9 || total
-------------------------+-------+-------+-------++-------
Melee: Long sword        |    97 |   169 |   118 ||   384
       Headbutt          |    13 |    33 |    37 ||    83
Invok: Heroism           |       |       |     2 ||     2
Evoke: Wand              |       |       |     7 ||     7
  Use: Scroll            |       |     5 |     3 ||     8
       Potion            |       |       |     1 ||     1
Armor: Scale mail        |    50 |       |       ||    50
       Plate armour      |     3 |   142 |   121 ||   266
Dodge: Dodged            |    38 |    61 |    49 ||   148
Block: Buckler           |    29 |    48 |    47 ||   124

Table legend: (Time is in decaauts)
 A = Elapsed time spent in this place.
 B = Non-inter-level travel time spent in this place.
 C = Inter-level travel time spent in this place.
 D = Time resting spent in this place.
 E = Time spent auto-exploring this place.
 F = Levels seen in this place.
 G = Mean time per level.
                   A        B        C        D        E       F      G
               +--------+--------+--------+--------+--------+-----+--------+
         Total |   6495 |   6263 |    232 |    921 |   3941 |   8 |  811.9 |
       Dungeon |   6408 |   6176 |    232 |    921 |   3890 |   7 |  915.4 |
        Temple |     86 |     86 |      0 |      0 |     51 |   1 |   86.0 |
               +--------+--------+--------+--------+--------+-----+--------+

Top non-repeatable levels by time:
     D:7: 1236 daAuts
     D:1: 1084 daAuts
     D:2: 943 daAuts
     D:3: 902 daAuts
     D:4: 778 daAuts
     D:5: 744 daAuts
     D:6: 718 daAuts
  Temple: 86 daAuts
